 Dungeon Crawl Stone Soup version 0.29.0-4-gdea44cf6ec (webtiles) character file.

Game seed: 2264213528266781500

441 qw the Chopper (level 6, -23/52 HPs)
             Began as a Minotaur Fighter on Sept 6, 2022.
             Annihilated by an ogre
             ... wielding a +0 giant spiked club
              (30 damage)
             ... on level 4 of the Dungeon.
             The game lasted 00:01:40 (3910 turns).

qw the Chopper (Minotaur Fighter)                   Turns: 3910, Time: 00:01:40

Health: -23/52     AC:  9    Str: 22    XL:     6   Next: 70%
Magic:  5/5        EV:  8    Int:  5    God:
Gold:   56         SH:  8    Dex: 10    Spells: 5/5 levels left

rFire   . . .      SeeInvis .   Y - +0 war axe
rCold   . . .      Faith    .   a - +0 kite shield
rNeg    . . .      Spirit   .   b - +0 scale mail
rPois   .          Reflect  .   (helmet restricted)
rElec   .          Harm     .   (no cloak)
rCorr   .          Rampage  .   i - +1 pair of gloves
Will    .....                   (no boots)
Stlth   ..........              (no amulet)
HPRegen 0.17/turn               (no ring)
MPRegen 0.09/turn               (no ring)

@: no status effects
A: horns 2, retaliatory headbutt
a: no special abilities


You were on level 4 of the Dungeon.
You visited 1 branch of the dungeon, and saw 4 of its levels.
You also visited: Sewer.

You collected 264 gold pieces.
You spent 208 gold pieces at shops.


Innate Abilities, Weirdness & Mutations

You have a pair of horns on your head.
You reflexively headbutt those who attack you in melee.


   Skills:
 - Level 4.0 Fighting
 + Level 7.4 Axes
 - Level 3.6 Armour
 - Level 1.4 Dodging
 - Level 5.3 Shields


You had 5 spell levels left.
You didn't know any spells.
Your spell library was empty.

Inventory:

Hand Weapons
 o - a +2 hand axe of flaming
 Y - a +0 war axe (weapon)
Armour
 a - a +0 kite shield (worn)
 b - a +0 scale mail (worn)
 i - a +1 pair of gloves (worn)
 m - the +1 leather armour of Etyas {Harm Regen+ Stlth+}
   (You found it on level 4 of the Dungeon)

   Regen:     It increases your rate of health regeneration.
   Harm:      It increases damage dealt and taken.
   Stlth:     It makes you more stealthy.
 n - a +0 plate armour
Jewellery
 g - a +6 ring of strength
Potions
 c - a potion of invisibility {unknown}
 d - a potion of might
 e - a potion of mutation {unknown}
 f - a potion of degeneration {unknown}
 h - a potion of attraction {unknown}
 j - a potion of curing {unknown}
 k - a potion of haste {unknown}

Dungeon Overview and Level Annotations

Branches:
Dungeon (4/15)              Sewer (visited)
 Temple: D:4-7

Altars:
Dithmenos
Hepliaklqana
Nemelex Xobeh
Trog
Uskayaw

Shops:
D:3 :   D:4 (


Message History

HP restored.
There is a stone staircase leading down here.
You open the door.
A quokka, a goblin, a worm, a dart slug, an ogre and an orc come into view.
The goblin shouts!
The orc shouts!
An adder comes into view.
A gnoll comes into view. It is wielding a +0 whip.
Found a ring mail.
3901 ||| Stepping ~*~*~tactically~*~*~ (hiding).
The gnoll shouts!
3903 ||| Stepping ~*~*~tactically~*~*~ (stealth).
You barely miss the ogre. Your headbutt misses the ogre.
The ogre hits you but does no damage.
You barely miss the ogre.
The ogre hits you with a +0 giant spiked club!!
Ouch! That really hurt!
You closely miss the ogre.
You headbutt the ogre, but do no damage.
You slash the orc!
You kill the orc!
The ogre barely misses you.
You hit the ogre. You headbutt the ogre.
The ogre is lightly wounded.
You barely miss the quokka. The quokka misses you.
You block the quokka's attack. The ogre completely misses you.
You hit the ogre but do no damage.
The ogre is lightly wounded.
You slash the quokka!
You kill the quokka!
You closely miss the ogre. Your headbutt misses the ogre.
The ogre is lightly wounded.
You hit the goblin.
You kill the goblin!
The ogre hits you with a +0 giant spiked club!!
You completely miss the ogre. You headbutt the ogre!
The ogre is heavily wounded.
The ogre hits you with a +0 giant spiked club!!
Ouch! That really hurt!
You die...

.#..####..# #..###....#
.##<##....##..S..##.. #...>#
.##.##....#.....Sw# #.####
....#.....#.......# #.# #
#####....##...g... #.####)#
# #....# #..r.o #..)<..###
#..### #... #..)......
#.########'#### ###.#......
#.........wO@.# #...#.#....
#..........)..# ##.#.# # #..
#.............# ##...## #
####'########.###.%.).###
##...## ###..##........#
##.....###....#....\....#.#
#......[##....#.............
#.......#.....#.#.....#...##
#[......#....##.##...###..#


You could see an ogre and a worm.

Vanquished Creatures
  Pargi (Sewer)
  A bullfrog (D:4)
  A hound (D:4)
  Jessica (D:3)
  An orc wizard (D:4)
  4 adders
  5 gnolls
  A white imp (D:3)
  A worm (D:2)
  6 dart slugs
  4 orcs (D:4)
  4 ball pythons
  9 endoplasms
  11 giant cockroaches
  7 goblins
  8 hobgoblins
  2 jackals (D:4)
  9 quokkas
  3 bats
  2 frilled lizards
  9 kobolds
  4 rats
  A spectral kobold (D:3)
95 creatures vanquished.

Notes
Turn   | Place    | Note
-------+----------+-------------------------------------------
     0 | D:1      | qw the Minotaur Fighter began the quest for the Orb.
     0 | D:1      | Reached XP level 1. HP: 19/19 MP: 0/0
     0 | D:1      | 0 ||| qw: Version: 0.1-a-107-g9ff403c
     0 | D:1      | 0 ||| qw: Game counter: 6107
     0 | D:1      | 0 ||| qw: Always use a shield: true
     0 | D:1      | 0 ||| qw: God list: Ru
     0 | D:1      | 0 ||| qw: Allow faded altars: false
     0 | D:1      | 0 ||| qw: Do Orc after D:15 true
     0 | D:1      | 0 ||| qw: Do second Lair branch before Depths: true
     0 | D:1      | 0 ||| qw: Lair rune preference: random
     0 | D:1      | 0 ||| qw: Plans: Normal
     0 | D:1      | 0 ||| PLANNING D:1-11
   101 | D:1      | Reached skill level 3 in Axes
   114 | D:1      | 114 ||| Stepping ~*~*~tactically~*~*~ (stealth).
   124 | D:1      | Reached XP level 2. HP: 26/26 MP: 1/1
   377 | D:1      | Reached skill level 4 in Axes
   622 | D:1      | Reached XP level 3. HP: 28/31 MP: 2/2
   797 | D:1      | 797 ||| UPGRADING to +1 pair of gloves.
   802 | D:1      | 802 ||| READING scroll labelled UDIGIGI UMIYKU.
   806 | D:1      | 806 ||| READING scroll labelled KUSHON IRUUF.
   807 | D:1      | 807 ||| READING scroll labelled QUUBBYESYN.
   808 | D:1      | 808 ||| Stepping randomly (stuck).
   809 | D:1      | 809 ||| Stepping ~*~*~tactically~*~*~ (cloud).
   816 | D:1      | HP: 7/31 [poisoned by you (poison gas)]
  1094 | D:2      | 1094 ||| STAIRDANCE
  1291 | D:2      | Reached skill level 5 in Axes
  1309 | D:2      | 1309 ||| Stepping ~*~*~tactically~*~*~ (stealth).
  1312 | D:2      | 1312 ||| Stepping ~*~*~tactically~*~*~ (stealth).
  1314 | D:2      | Reached XP level 4. HP: 34/39 MP: 3/3
  1314 | D:2      | 1314 ||| FLEEEEING.
  1315 | D:2      | 1315 ||| FLEEEEING.
  1316 | D:2      | 1316 ||| FLEEEEING.
  1317 | D:2      | 1317 ||| FLEEEEING.
  1318 | D:2      | 1318 ||| FLEEEEING.
  1319 | D:2      | 1319 ||| FLEEEEING.
  1331 | D:2      | Reached skill level 1 in Dodging
  1401 | D:2      | 1401 ||| DROPPING +0 club.
  1408 | D:2      | 1408 ||| Stepping ~*~*~tactically~*~*~ (stealth).
  1411 | D:2      | 1411 ||| Stepping ~*~*~tactically~*~*~ (stealth).
  1574 | D:2      | Found a sparkling altar of Nemelex Xobeh.
  1607 | D:2      | Found a faded altar of an unknown god.
  1620 | D:2      | 1620 ||| Stepping ~*~*~tactically~*~*~ (hiding).
  1773 | D:2      | 1773 ||| Stepping ~*~*~tactically~*~*~ (stealth).
  2062 | D:2      | 2062 ||| DROPPING scarf of harm.
  2063 | D:2      | 2063 ||| READING scroll labelled KIFASA JUUPH.
  2064 | D:2      | 2064 ||| READING scroll labelled XEPAIH UMAJ.
  2079 | D:3      | 2079 ||| PLANNING SEWER
  2160 | D:3      | Found Gitigus's Book Emporium.
  2289 | D:3      | Reached skill level 6 in Axes
  2336 | D:3      | Found a glowing drain.
  2344 | D:3      | 2344 ||| UPGRADING to +0 kite shield.
  2354 | D:3      | 2354 ||| DROPPING +0 buckler.
  2355 | D:3      | 2355 ||| READING scroll labelled NADENEVVYO.
  2356 | D:3      | 2356 ||| READING scroll labelled ZUITRE DYERCH.
  2466 | D:3      | Reached XP level 5. HP: 45/45 MP: 4/4
  2478 | Sewer    | Entered a sewer
  2522 | Sewer    | Noticed Pargi
  2530 | Sewer    | Killed Pargi
  2632 | Sewer    | 2632 ||| READING scroll labelled NOPPOKL GIOMM.
  2633 | Sewer    | 2633 ||| READING scroll labelled CIRACA QYTURCH.
  2634 | Sewer    | 2634 ||| READING scroll labelled KOKYUPNARCH.
  2648 | D:3      | 2648 ||| PLANNING D:1-11
  2652 | D:3      | Found a shadowy altar of Dithmenos.
  2652 | D:3      | Found a hide-covered altar of Uskayaw.
  2655 | D:3      | Found a bloodstained altar of Trog.
  2724 | D:3      | Noticed Jessica
  2725 | D:3      | 2725 ||| Stepping ~*~*~tactically~*~*~ (stealth).
  2739 | D:3      | Killed Jessica
  2740 | D:3      | Reached XP level 6. HP: 47/51 MP: 5/5
  2826 | D:3      | 2826 ||| Stepping ~*~*~tactically~*~*~ (hiding).
  2827 | D:3      | 2827 ||| Stepping ~*~*~tactically~*~*~ (hiding).
  2948 | D:3      | Found a hazy altar of Hepliaklqana.
  3100 | D:3      | 3100 ||| DROPPING amulet of magic regeneration.
  3264 | D:4      | Identified the +1 leather armour of Etyas {Harm Regen+
                  | Stlth+}
  3385 | D:4      | Found Riakor's Weapon Boutique.
  3395 | D:4      | 3395 ||| BUYING +2 hand axe of flaming (208 gold).
  3395 | D:4      | Bought a +2 hand axe of flaming for 208 gold pieces
  3395 | D:4      | 3395 ||| DROPPING +0 whip.
  3413 | D:4      | Reached skill level 7 in Axes
  3540 | D:4      | HP: 13/52 [gnoll/+1 vorpal halberd (1)]
  3541 | D:4      | 3541 ||| READING scroll of teleportation.
  3543 | D:4      | 3543 ||| FLEEEEING.
  3544 | D:4      | 3544 ||| FLEEEEING.
  3545 | D:4      | 3545 ||| FLEEEEING.
  3901 | D:4      | 3901 ||| Stepping ~*~*~tactically~*~*~ (hiding).
  3903 | D:4      | 3903 ||| Stepping ~*~*~tactically~*~*~ (stealth).
  3909 | D:4      | HP: 6/52 [ogre/+0 giant spiked club (20)]
  3910 | D:4      | Annihilated by an ogre

Levels and vault maps discovered:
D:1:      wander_arrival_estate, layout_basic
D:2:      layout_loops_ring, basic_ecumenical_altar, basic_altar,
          minmay_tetromino_o4
D:3:      layout_loops_ring, gammafunk_temple_overflow_forgotten,
          nicolae_hepliaklqana_monster_ancestors, serial_shops, shop_statue,
          portal_sewer_entry_f, uniq_jessica, uniq_crazy_yiuf_cottage
D:4:      minmay_opposing_rooms, layout_basic, serial_shops,
          nicolae_shop_bloodbath_and_beyond, uniq_natasha

Skill      XL: |  1  2  3  4  5  6 |
---------------+-------------------+-----
Axes           | 3 4 5 6 7 |  7.4
Dodging        | 1 |  1.4
Shields        | 5 |  5.3
Fighting       | 4 |  4.0
Armour         | |  3.6

Action                   |  1- 3 |  4- 6 || total
-------------------------+-------+-------++-------
Melee: War axe           |    65 |   144 ||   209
       Headbutt          |     8 |    31 ||    39
  Use: Scroll            |     3 |     8 ||    11
Armor: Scale mail        |    30 |    58 ||    88
Dodge: Dodged            |    26 |    50 ||    76
Block: Buckler           |    10 |     7 ||    17
       Kite shield       |       |    38 ||    38

Table legend:
 A = Non-vault XP
 B = Vault XP
 C = Vault XP percentage of total XP
 D = Non-vault monster count
 E = Vault monster count
 F = Vault count percentage of total count
                 A         B        C        D         E       F
            +---------+---------+-------+---------+---------+-------
      Total |     404 |     226 |  35.9 |      73 |      22 |  23.2
            +---------+---------+-------+---------+---------+-------
        D:1 |      55 |       0 |   0.0 |      23 |       0 |   0.0
        D:2 |     103 |       9 |   8.0 |      21 |       4 |  16.0
        D:3 |      39 |      52 |  57.1 |      15 |       9 |  37.5
        D:4 |     207 |      22 |   9.6 |      14 |       5 |  26.3
      Sewer |       0 |     143 | 100.0 |       0 |       4 | 100.0
            +---------+---------+-------+---------+---------+-------
